 Dungeon Crawl Stone Soup version 0.29.1-4-g47bece8355 (webtiles) character file.

Game seed: 10735837516594638540

195 cdecastro the Chiller (level 6, -2/41 HPs)
             Began as a Human Ice Elementalist on Dec 12, 2022.
             Was an Initiate of Yredelemnul.
             Slain by Pikel
             ... wielding a +1 whip of freezing
              (6 damage)
             ... on level 4 of the Dungeon.
             The game lasted 00:08:24 (4191 turns).

cdecastro the Chiller (Human Ice Elementalist)      Turns: 4191, Time: 00:08:25

Health: -2/41      AC:  4    Str:  9    XL:     6   Next: 4%
Magic:  7/9        EV: 12    Int: 17    God:    Yredelemnul [......]
Gold:   179        SH:  0    Dex: 13    Spells: 2/9 levels left

rFire   . . .      SeeInvis .   q - +2 dagger (vamp)
rCold   + . .      Faith    .   (no shield)
rNeg    . . .      Spirit   .   v - +2 robe {Will+}
rPois   .          Reflect  .   (no helmet)
rElec   .          Harm     .   (no cloak)
rCorr   .          Rampage  .   (no gloves)
Will    +....                   (no boots)
Stlth   ++........              (no amulet)
HPRegen 0.13/turn               s - ring of protection from cold
MPRegen 0.11/turn               (no ring)

@: no status effects
A: no striking features
a: Renounce Religion, Recall Undead Harvest


You were on level 4 of the Dungeon.
You worshipped Yredelemnul.
Yredelemnul was noncommittal.
You visited 1 branch of the dungeon, and saw 4 of its levels.

You collected 179 gold pieces.

Inventory:

Hand Weapons
 d - a +0 dagger
 q - a +2 vampiric dagger (weapon)
 u - a +0 dagger of venom
Missiles
 e - 3 poisoned darts
Armour
 v - a +2 robe of willpower (worn)
Jewellery
 s - a ring of protection from cold (left hand)
Scrolls
 f - 3 scrolls of magic mapping {unknown}
 g - 5 scrolls of identify {unknown}
 h - a scroll of fog {unknown}
 i - 4 scrolls of fear {unknown}
 j - 3 scrolls of noise {unknown}
 o - a scroll of enchant armour {unknown}
 t - a scroll of teleportation {unknown}
Potions
 b - a potion of magic
 c - a potion of lignification {unknown}
 k - a potion of degeneration {unknown}
 l - a potion of cancellation {unknown}
 m - 2 potions of ambrosia {unknown}
 n - a potion of haste {unknown}
 p - 2 potions of attraction {unknown}
 r - 3 potions of brilliance {unknown}


   Skills:
 - Level 2.0 Dodging
 - Level 2.0 Stealth
 - Level 2.0 Spellcasting
 + Level 6.8 Ice Magic


You had 2 spell levels left.
You knew the following spells:

 Your Spells              Type           Power      Damage    Failure   Level
a - Freeze                Ice            96%        1d11      1%          1
b - Frozen Ramparts       Ice            48%        1d8       3%          3
c - Ozocubu's Armour      Ice            24%        N/A       3%          3

Your spell library contained the following spells:

 Spells                   Type           Power      Damage    Failure   Level
 Sublimation of Blood     Necr           1%         N/A       28%         2
 Wereblood                Tmut           1%         N/A       28%         2
 Hailstorm                Conj/Ice       13%        3d5       43%         4
 Metabolic Englaciation   Hex/Ice        6%         N/A       78%         5
 Summon Hydra             Summ           0%         N/A       100%        7
 Simulacrum               Ice/Necr       Unusable   N/A       N/A         6

Dungeon Overview and Level Annotations

Branches:
Dungeon (4/15)
 Temple: D:4-7

Altars:
Gozag
Yredelemnul

Annotations:
D:4 Pikel


Message History

The wall freezes Pikel.
Pikel closely misses you.
The wall freezes the lemure but does no damage.
The wall freezes the lemure.
Unknown command.
You barely miss Pikel.
Pikel is moderately wounded.
The wall freezes Pikel.
Pikel hits you with a +1 whip of freezing.
The wall freezes the lemure.
The wall freezes the lemure but does no damage.
Unknown command.
You hit Pikel but do no damage.
Pikel is moderately wounded.
The wall freezes Pikel.
Pikel hits you with a +1 whip of freezing!
* * * LOW HITPOINT WARNING * * *
Pikel freezes you.
* * * LOW HITPOINT WARNING * * *
The wall freezes the lemure.
The wall freezes the lemure!
You completely miss Pikel.
Pikel is heavily wounded.
The wall freezes Pikel but does no damage.
Pikel closely misses you.
The wall freezes the lemure. x2
Unknown command.
You hit Pikel but do no damage.
Pikel is heavily wounded.
The wall freezes Pikel but does no damage.
Pikel hits you with a +1 whip of freezing!
* * * LOW HITPOINT WARNING * * *
Pikel freezes you.
* * * LOW HITPOINT WARNING * * *
The wall freezes the lemure. x2
You kill the lemure!
That felt strangely unrewarding.
You hit Pikel but do no damage.
Pikel is heavily wounded.
The frozen ramparts melt away.
Pikel hits you with a +1 whip of freezing.
You die...
Your body rises from the dead as a mindless zombie.

#..........# #.... #..........#
##### #.......5..# ......
#.......K..# ###### #..........#
.... #..........# ####
.(.........#
#..........######################
...........555)K@................
..........######################
##########


You could see Pikel and 3 lemures.

Vanquished Creatures
  A lemure (D:4)
  An orc wizard (D:4)
  7 adders
  A shadow imp (D:4)
  2 worms (D:2)
  A dart slug (D:1)
  7 orcs
  7 bats
  11 endoplasms
  A giant cockroach (D:1)
  5 goblins
  11 hobgoblins
  4 jackals (D:1)
  5 kobolds
  3 quokkas
  5 ball pythons
  2 frilled lizards
  6 rats
80 creatures vanquished.

Vanquished Creatures (others)
  An adder zombie (D:4)
  A ball python zombie (D:4)
  An endoplasm zombie (D:4)
  3 orc zombies (D:4)
6 creatures vanquished.

Grand Total: 86 creatures vanquished

Notes
Turn   | Place    | Note
-------+----------+-------------------------------------------
     0 | D:1      | cdecastro the Human Ice Elementalist began the quest for
                  | the Orb.
     0 | D:1      | Reached XP level 1. HP: 13/13 MP: 3/3
   166 | D:1      | Reached XP level 2. HP: 14/19 MP: 0/5
   560 | D:1      | Reached XP level 3. HP: 24/24 MP: 4/6
   696 | D:1      | Reached skill level 5 in Ice Magic
   791 | D:1      | Learned a level 3 spell: Frozen Ramparts
  1810 | D:2      | Reached XP level 4. HP: 30/30 MP: 4/7
  2537 | D:3      | Reached skill level 6 in Ice Magic
  2537 | D:3      | Reached XP level 5. HP: 24/35 MP: 4/8
  2694 | D:3      | Learned a level 3 spell: Ozocubu's Armour
  2852 | D:3      | HP: 1/35 [orc/+0 hand axe (6)]
  3221 | D:3      | Found a faded altar of an unknown god.
  3630 | D:3      | Prayed at the altar of an unknown god.
  3630 | D:3      | Became a worshipper of Yredelemnul the Dark
  3630 | D:3      | Reached * piety under Yredelemnul
  3738 | D:4      | Found an opulent altar of Gozag.
  3830 | D:4      | Reached XP level 6. HP: 2/41 MP: 3/9
  4143 | D:4      | Noticed Pikel
  4191 | D:4      | Slain by Pikel

Illustrated notes

Levels and vault maps discovered:
D:1:      spicycebolla_green_bress_n_ham_2, layout_basic, kennysheep_crisscross
D:2:      layout_basic
D:3:      layout_rooms, hellmonk_ecumenical_altar_heavens_door,
          kennysheep_generic_room_12
D:4:      layout_basic, mainiacjoe_overflow_brackets, zin_statuary,
          minmay_temple_entry_butterflies, grunt_ministairs_11, uniq_grinder,
          uniq_duvessa, uniq_pikel

Skill      XL: |  1  2  3  4 |
---------------+-------------+-----
Ice Magic      | 5 6 |  6.8
Dodging        | |  2.0
Stealth        | |  2.0
Spellcasting   | |  2.0

Action                   |  1- 3 |  4- 6 || total
-------------------------+-------+-------++-------
Melee: Dagger            |    21 |    54 ||    75
       Punch             |       |     1 ||     1
 Cast: Freeze            |    44 |    37 ||    81
       Frozen Ramparts   |     1 |     8 ||     9
 Stab: Sleeping          |     1 |     2 ||     3
Armor: Robe              |    14 |    10 ||    24
Dodge: Dodged            |    41 |    49 ||    90
